SAAA
MEMPHIS REDBIRDS @ VERMONT LAKE MONSTERS
05/10/2038
 
TOP OF THE 1ST
Memphis Redbirds batting - Pitching for Vermont Lake Monsters : RHP Kee Bao
Pitching: RHP Kee Bao
Batting: LHB Bob Sanders 0-0: Foul Ball, location: 2F
0-1: Ball
1-1: Foul Ball, location: 2F
1-2: Ball
2-2: Foul Ball, location: 2F
2-2: Foul Ball, location: 2F
2-2: Fly out, F8 (Flyball, 8RM, EV 96.2 MPH)
Batting: SHB Sean Worley 0-0: Foul Ball, location: 2F
0-1: Ground out 5-3 (Groundball, 56, EV 85.6 MPH)
Batting: RHB Iiri Haapajarvi 0-0: Fly out, F7 (Flyball, 78XD, EV 91.2 MPH)
Top of the 1st over - 0 runs, 0 hits, 0 errors, 0 left on base; Memphis 0 - Vermont 0
BOTTOM OF THE 1ST
Vermont Lake Monsters batting - Pitching for Memphis Redbirds : LHP Mark Parker
Pitching: LHP Mark Parker
Batting: RHB Curf Pierstisnips 0-0: Called Strike
0-1: Ball
1-1: Called Strike
1-2: Ground out 4-3 (Groundball, 4M, EV 83.8 MPH)
Batting: RHB An-te-hai Qing 0-0: Swinging Strike
0-1: Ball
1-1: Foul Ball, location: 2F
1-2: Foul Ball, location: 2F
1-2: Ball
2-2: Strikes out swinging
Batting: SHB Ray Carey 0-0: Called Strike
0-1: Ground out 6-3 (Groundball, 6, EV 86.9 MPH)
Bottom of the 1st over - 0 runs, 0 hits, 0 errors, 0 left on base; Memphis 0 - Vermont 0
TOP OF THE 2ND
Memphis Redbirds batting - Pitching for Vermont Lake Monsters : RHP Kee Bao
Batting: SHB Roger Dorn 0-0: Ball
1-0: Swinging Strike
1-1: Foul Ball, location: 2F
1-2: Foul Ball, location: 2F
1-2: Strikes out swinging
Batting: RHB Alco Compagne 0-0: SINGLE (Line Drive, 8RS, EV 93.1 MPH)
Batting: SHB Alejandro Arizméndiz 0-0: Ball
1-0: Ball
2-0: Called Strike
2-1: Foul Ball, location: 2F
2-2: Ball
3-2: Base on Balls
Alco Compagne to second
Batting: RHB Ken Barger 0-0: Called Strike
0-1: Foul Ball, location: 2F
0-2: SINGLE (Groundball, 6D, EV 105.0 MPH)
Alco Compagne to third
Alejandro Arizméndiz to second
Batting: RHB Diego Martínez 0-0: Swinging Strike
0-1: Foul Ball, location: 2F
0-2: Ball
1-2: Foul Ball, location: 2F
1-2: SINGLE (Line Drive, 56D, EV 97.5 MPH)
Alco Compagne scores
Alejandro Arizméndiz to third
Ken Barger to second
Batting: RHB Cullen Allen 0-0: Called Strike
0-1: Swinging Strike
0-2: Ball
1-2: Ball
2-2: Strikes out swinging
Batting: LHB Bob Sanders 0-0: Ball
1-0: Swinging Strike
1-1: Foul Ball, location: 2F
1-2: Ball
2-2: Fly out, F8 (Flyball, 89D, EV 77.5 MPH)
Top of the 2nd over - 1 run, 3 hits, 0 errors, 3 left on base; Memphis 1 - Vermont 0
BOTTOM OF THE 2ND
Vermont Lake Monsters batting - Pitching for Memphis Redbirds : LHP Mark Parker
Batting: RHB Marcel Roks 0-0: Ball
1-0: Called Strike
1-1: Foul Ball, location: 2F
1-2: Strikes out looking
Batting: LHB Fernando Sandoval 0-0: SINGLE (Line Drive, 7S, EV 96.9 MPH)
Batting: RHB Álex Chávez 0-0: Ball
1-0: Called Strike
1-1: Ball
2-1: Foul Ball, location: 2F
2-2: Strikes out swinging
Batting: LHB Puck Schit Pickoff Throw to First - Error! E1
Fernando Sandoval to second
0-0: Called Strike
0-1: Ball
1-1: Swinging Strike
1-2: Ground out 3-1 (Groundball, 34, EV 81.9 MPH)
Bottom of the 2nd over - 0 runs, 1 hit, 1 error, 1 left on base; Memphis 1 - Vermont 0
TOP OF THE 3RD
Memphis Redbirds batting - Pitching for Vermont Lake Monsters : RHP Kee Bao
Batting: SHB Sean Worley 0-0: Ball
1-0: Ball
2-0: Ball
3-0: Called Strike
3-1: Swinging Strike
3-2: SINGLE (Line Drive, 56D, EV 100.0 MPH)
Batting: RHB Iiri Haapajarvi 0-0: Ball
1-0: Swinging Strike
1-1: Ball
2-1: Foul Ball, location: 2F
2-2: Ball
3-2: Foul Ball, location: 2F
3-2: Strikes out swinging
Batting: SHB Roger Dorn 0-0: Called Strike
0-1: Ball
1-1: Fly out, F6 (Flyball, 6D, EV 90.0 MPH)
Batting: RHB Alco Compagne 0-0: Ball
1-0: Called Strike
1-1: Called Strike
1-2: Ball
2-2: Ball
3-2: SINGLE (Groundball, 6MD, EV 98.1 MPH)
Sean Worley to second
Sean Worley to third
Batting: SHB Alejandro Arizméndiz 0-0: Fly out, F6 (Popup, 6MD, EV 45.6 MPH)
Top of the 3rd over - 0 runs, 2 hits, 0 errors, 2 left on base; Memphis 1 - Vermont 0
BOTTOM OF THE 3RD
Vermont Lake Monsters batting - Pitching for Memphis Redbirds : LHP Mark Parker
Batting: RHB Du-yang Zhu 0-0: Ball
1-0: Ground out 5-3 (Groundball, 56, EV 97.5 MPH)
Batting: SHB Robert La Caze 0-0: Called Strike
0-1: Ball
1-1: Ball
2-1: Foul Ball, location: 2F
2-2: Ball
3-2: Strikes out swinging
Batting: RHB Curf Pierstisnips 0-0: Ball
1-0: Foul Ball, location: 2F
1-1: Ball
2-1: DOUBLE (Groundball, 3L, EV 93.8 MPH)
Batting: RHB An-te-hai Qing 0-0: Called Strike
0-1: Ball
Balk!
Curf Pierstisnips to third
1-1: Foul Ball, location: 2F
1-2: Foul Ball, location: 2F
1-2: Fly out, F8 (Flyball, 78D, EV 91.9 MPH)
Bottom of the 3rd over - 0 runs, 1 hit, 0 errors, 1 left on base; Memphis 1 - Vermont 0
TOP OF THE 4TH
Memphis Redbirds batting - Pitching for Vermont Lake Monsters : RHP Kee Bao
Batting: RHB Ken Barger 0-0: Ball
1-0: Fly out, F7 (Flyball, 7D, EV 103.1 MPH)
Batting: RHB Diego Martínez 0-0: Called Strike
0-1: Swinging Strike
0-2: Foul Ball, location: 2F
0-2: Ball
1-2: Strikes out swinging
Batting: RHB Cullen Allen 0-0: Swinging Strike
0-1: Ground out 4-3 (Groundball, 4, EV 83.8 MPH)
Top of the 4th over - 0 runs, 0 hits, 0 errors, 0 left on base; Memphis 1 - Vermont 0
BOTTOM OF THE 4TH
Vermont Lake Monsters batting - Pitching for Memphis Redbirds : LHP Mark Parker
Batting: SHB Ray Carey 0-0: Ball
1-0: Ball
2-0: Called Strike
2-1: Foul Ball, location: 2F
2-2: Ground out 5-3 (Groundball, 56, EV 88.8 MPH)
Batting: RHB Marcel Roks 0-0: Fly out, F9 (Line Drive, 9, EV 90.6 MPH)
Batting: LHB Fernando Sandoval 0-0: Ground out U3 (Groundball, 3, EV 102.5 MPH)
Bottom of the 4th over - 0 runs, 0 hits, 0 errors, 0 left on base; Memphis 1 - Vermont 0
TOP OF THE 5TH
Memphis Redbirds batting - Pitching for Vermont Lake Monsters : RHP Kee Bao
Batting: LHB Bob Sanders 0-0: Called Strike
0-1: Swinging Strike
0-2: DOUBLE (Line Drive, 9LM, EV 91.2 MPH)
Batting: SHB Sean Worley 0-0: Ball
1-0: Fly out, F8 (Flyball, 8LD, EV 88.8 MPH)
Runner from 2nd tags up, SAFE at 3rd with throw by CF
Batting: RHB Iiri Haapajarvi 0-0: Ball
1-0: Ball
2-0: Ball
3-0: Called Strike
3-1: Ground out 6-3 (Groundball, 6, EV 106.9 MPH)
Bob Sanders scores
Batting: SHB Roger Dorn 0-0: Called Strike
0-1: Swinging Strike
0-2: Ball
1-2: Strikes out swinging
Top of the 5th over - 1 run, 1 hit, 0 errors, 0 left on base; Memphis 2 - Vermont 0
BOTTOM OF THE 5TH
Vermont Lake Monsters batting - Pitching for Memphis Redbirds : LHP Mark Parker
Batting: RHB Álex Chávez 0-0: Ground out 1-3 (Groundball, 34S, EV 86.9 MPH)
Batting: LHB Puck Schit 0-0: Called Strike
0-1: Ball
1-1: Fly out, F7 (Flyball, 7S, EV 86.2 MPH)
Batting: RHB Du-yang Zhu 0-0: Foul Ball, location: 2F
0-1: Foul Ball, location: 2F
0-2: Foul Ball, location: 2F
0-2: Ball
1-2: Ball
2-2: SINGLE (Line Drive, 7, EV 93.1 MPH)
Batting: SHB Robert La Caze 0-0: Ground out 6-3 (Groundball, 6M, EV 106.2 MPH)
Bottom of the 5th over - 0 runs, 1 hit, 0 errors, 1 left on base; Memphis 2 - Vermont 0
TOP OF THE 6TH
Memphis Redbirds batting - Pitching for Vermont Lake Monsters : RHP Kee Bao
Batting: RHB Alco Compagne 0-0: Fly out, F7 (Flyball, 7LS, EV 71.9 MPH)
Batting: SHB Alejandro Arizméndiz 0-0: Ground out 6-3 (Groundball, 6, EV 82.5 MPH)
Batting: RHB Ken Barger 0-0: Called Strike
0-1: Foul Ball, location: 2F
0-2: Ball
1-2: Ball
2-2: Foul Ball, location: 2F
2-2: Ground out 5-3 (Groundball, 5, EV 106.9 MPH)
Top of the 6th over - 0 runs, 0 hits, 0 errors, 0 left on base; Memphis 2 - Vermont 0
BOTTOM OF THE 6TH
Vermont Lake Monsters batting - Pitching for Memphis Redbirds : LHP Mark Parker
Batting: RHB Curf Pierstisnips 0-0: SINGLE (Groundball, 3D, EV 106.9 MPH)
Batting: RHB An-te-hai Qing 0-0: Ball
1-0: Sac Bunt to 3S - play at first, batter OUT! 3-4
Curf Pierstisnips to second
Batting: SHB Ray Carey 0-0: Fly out, F5 (Popup, 56S, EV 73.1 MPH)
Batting: RHB Marcel Roks 0-0: Called Strike
0-1: Called Strike
0-2: Ball
1-2: SINGLE (Groundball, 6D, EV 100.6 MPH)
Curf Pierstisnips to third
Runner from 3rd tries for Home, SAFE, throw by LF to home
Batting: LHB Fernando Sandoval 0-0: Ball
1-0: Called Strike
1-1: Ball
2-1: Called Strike
2-2: Strikes out looking
Bottom of the 6th over - 1 run, 2 hits, 0 errors, 1 left on base; Memphis 2 - Vermont 1
TOP OF THE 7TH
Memphis Redbirds batting - Pitching for Vermont Lake Monsters : RHP Kee Bao
Batting: RHB Diego Martínez 0-0: Swinging Strike
0-1: Foul Ball, location: 2F
0-2: Hit by Pitch
Batting: RHB Cullen Allen 0-0: Bunt missed!
0-1: Bunt missed!
0-2: Ball
1-2: Strikes out swinging
Batting: LHB Bob Sanders 0-0: Ball
1-0: Called Strike
1-1: Called Strike
1-2: Fly out, F8 (Flyball, 8LM, EV 83.8 MPH)
Batting: SHB Sean Worley 0-0: Foul Ball, location: 2F
0-1: Foul Ball, location: 2F
0-2: Foul Ball, location: 2F
0-2: Ball
1-2: Ball
2-2: Ball
3-2: Fly out, F8 (Flyball, 8RD, EV 88.1 MPH)
Top of the 7th over - 0 runs, 0 hits, 0 errors, 1 left on base; Memphis 2 - Vermont 1
BOTTOM OF THE 7TH
Vermont Lake Monsters batting - Pitching for Memphis Redbirds : LHP Mark Parker
Batting: RHB Álex Chávez 0-0: Ball
1-0: Ball
2-0: Foul Ball, location: 2F
2-1: Foul Ball, location: 7LSF, Error on foul ball, E7
2-2: SINGLE (Groundball, 56D, EV 108.8 MPH)
Batting: LHB Puck Schit 0-0: Ball
1-0: Called Strike
1-1: Called Strike
1-2: Fielders Choice at 2nd, 6-4 (Groundball, 6M, EV 85.6 MPH)
Batting: RHB Du-yang Zhu 0-0: Ball
1-0: Fly out, F8 (Line Drive, 8LD, EV 91.2 MPH)
Pinch Hitting: RHB Miracle Crimes 0-0: Called Strike
Puck Schit steals 2nd base
0-1: Swinging Strike
0-2: Ball
1-2: Ball
2-2: TRIPLE (Flyball, 89XD, EV 98.8 MPH)
Puck Schit scores
Batting: RHB Curf Pierstisnips 0-0: Swinging Strike
0-1: Foul Ball, location: 2F
0-2: Ball
1-2: Strikes out swinging
Bottom of the 7th over - 1 run, 2 hits, 1 error, 1 left on base; Memphis 2 - Vermont 2
TOP OF THE 8TH
Memphis Redbirds batting - Pitching for Vermont Lake Monsters : RHP Kee Bao
Pitching: RHP Billy Threepwood
Now at SS: Domingo Zamora
Batting: RHB Iiri Haapajarvi 0-0: Ball
1-0: SOLO HOME RUN (Flyball, 9LD, EV 91.2 MPH), Distance : 335 ft
Batting: SHB Roger Dorn 0-0: Foul Ball, location: 2F
0-1: Foul Ball, location: 2F
0-2: Ball
1-2: Ball
2-2: Ball
3-2: Foul Ball, location: 2F
3-2: Strikes out swinging
Batting: RHB Alco Compagne 0-0: Ball
1-0: Foul Ball, location: 2F
1-1: Called Strike
1-2: Ball
2-2: Ground out U3 (Groundball, 3, EV 85.6 MPH)
Batting: SHB Alejandro Arizméndiz 0-0: Ground out 6-3 (Groundball, 4M, EV 86.2 MPH)
Top of the 8th over - 1 run, 1 hit, 0 errors, 0 left on base; Memphis 3 - Vermont 2
BOTTOM OF THE 8TH
Vermont Lake Monsters batting - Pitching for Memphis Redbirds : LHP Mark Parker
Batting: RHB An-te-hai Qing 0-0: Ball
1-0: SINGLE (Flyball, 5D, EV 93.8 MPH)
Batting: SHB Ray Carey 0-0: Foul Ball, location: 2F
0-1: Called Strike
0-2: Ball
1-2: Strikes out looking
Batting: RHB Marcel Roks 0-0: Ball
Pickoff Throw by Catcher to First - Error! E2
An-te-hai Qing to second
1-0: Foul Ball, location: 2F
1-1: Ground out 6-3 (Groundball, 56D, EV 91.2 MPH)
Pinch Hitting: RHB Tim O'Brian 0-0: Ball
1-0: Called Strike
1-1: Swinging Strike
1-2: Fly out, F5 (Popup, 5F, EV 68.1 MPH)
Bottom of the 8th over - 0 runs, 1 hit, 1 error, 1 left on base; Memphis 3 - Vermont 2
TOP OF THE 9TH
Memphis Redbirds batting - Pitching for Vermont Lake Monsters : RHP Billy Threepwood
Now in CF: Tim O'Brian
Batting: RHB Ken Barger 0-0: Ball
1-0: Swinging Strike
1-1: Foul Ball, location: 2F
1-2: Ball
2-2: Ground out 3-1 (Groundball, 34, EV 87.5 MPH)
Batting: RHB Diego Martínez 0-0: Called Strike
0-1: Called Strike
0-2: Ball
1-2: Ball
2-2: Foul Ball, location: 2F
2-2: Ball
3-2: Base on Balls
Pitching: RHP Marnix van Rijn
Batting: RHB Cullen Allen 0-0: Ball
1-0: Ball
2-0: Ball
3-0: Base on Balls
Diego Martínez to second
Batting: LHB Bob Sanders 0-0: Foul Ball, location: 2F
0-1: Ball
1-1: Ball
2-1: Foul Ball, location: 2F
2-2: Fly out, F8 (Line Drive, 8LM, EV 96.2 MPH)
Batting: SHB Sean Worley 0-0: Ball
1-0: Ball
2-0: Ball
3-0: Foul Ball, location: 2F
3-1: Fly out, F9 (Flyball, 9LMF, EV 91.9 MPH)
Top of the 9th over - 0 runs, 0 hits, 0 errors, 2 left on base; Memphis 3 - Vermont 2
BOTTOM OF THE 9TH
Vermont Lake Monsters batting - Pitching for Memphis Redbirds : LHP Mark Parker
Pitching: LHP António Moreno
Now at 3B: Chris Pińa
Now in LF: Neville van Mierlo
Batting: RHB Álex Chávez 0-0: Called Strike
0-1: Called Strike
0-2: Ball
1-2: Foul Ball, location: 2F
1-2: Foul Ball, location: 2F
1-2: Foul Ball, location: 2F
1-2: SINGLE (Groundball, 4M, EV 102.5 MPH) (infield hit)
Batting: LHB Puck Schit 0-0: Ball
1-0: Called Strike
1-1: Ball
2-1: Fly out, F8 (Flyball, 8LM, EV 74.4 MPH)
Pinch Hitting: RHB Rafael Pueblo 0-0: Ball
1-0: Fly out, F9 (Flyball, 89M, EV 81.2 MPH)
Pinch Hitting: RHB Cedric Terriquez 0-0: Swinging Strike
0-1: Ball
1-1: Ball
Wild Pitch!
Álex Chávez to second
2-1: Ball
3-1: Foul Ball, location: 2F
3-2: Strikes out swinging
Bottom of the 9th over - 0 runs, 1 hit, 0 errors, 1 left on base; Memphis 3 - Vermont 2
Friday, April 17th, 2020 - OOTP Baseball 20.8 Build 74